 Dungeon Crawl Stone Soup version 0.27.1-34-g3ba077fa99 (webtiles) character file.

Game seed: 4734784675742779224

80 Kassire the Cudgeller (level 4, -5/41 HPs)
             Began as a Minotaur Berserker on Jan 4, 2022.
             Was a Believer of Trog.
             Slain by Crazy Yiuf (6 damage)
             ... on level 2 of the Dungeon.
             The game lasted 00:05:53 (1890 turns).

Kassire the Cudgeller (Minotaur Berserker)          Turns: 1890, Time: 00:05:54

Health: -5/41      AC:  9    Str: 22    XL:     4   Next: 18%
Magic:  0/3        EV: 11    Int:  4    God:    Trog [**....]
Gold:   33         SH:  0    Dex: 10    Spells: 3/3 levels left

rFire    . . .     SeeInvis .   a - +0 mace
rCold    . . .     Faith    .   (no shield)
rNeg     . . .     Spirit   .   k - +0 ring mail
rPois    .         Reflect  .   (helmet restricted)
rElec    .         Harm     .   (no cloak)
rCorr    .         Rampage  .   (no gloves)
Will     .....                  (no boots)
Stlth    ..........             (no amulet)
HPRegen  0.13/turn              c - +4 ring of protection
MPRegen  0.08/turn              (no ring)

@: no status effects
A: horns 2, retaliatory headbutt
a: Renounce Religion, Berserk, Trog's Hand


You were on level 2 of the Dungeon.
You worshipped Trog.
Trog was pleased with you.
You visited 1 branch of the dungeon, and saw 2 of its levels.

You collected 33 gold pieces.

Inventory:

Hand Weapons
 a - a +0 mace (weapon)
 h - a +0 arbalest
Armour
 b - a +0 animal skin
 k - a +0 ring mail (worn)
Jewellery
 c - a +4 ring of protection (left hand)
Scrolls
 e - a scroll of fog {unknown}
 g - a scroll of identify {unknown}
 i - a scroll of enchant weapon {unknown}
 j - a scroll of summoning {unknown}
 n - a scroll of teleportation {unknown}
Potions
 d - 2 potions of degeneration {unknown}
 f - a potion of resistance {unknown}
 l - a potion of might {unknown}
 m - 2 potions of haste {unknown}


   Skills:
 * Level 4.3 Fighting
 * Level 4.9 Maces & Flails
 * Level 2.7 Armour
 * Level 3.0 Dodging


You had 3 spell levels left.
You didn't know any spells.
Your spell library was empty.

Dungeon Overview and Level Annotations

Branches:
Dungeon (2/15)

Altars:

Annotations:
D:2 Crazy Yiuf


Innate Abilities, Weirdness & Mutations

You have a pair of horns on your head.
You reflexively headbutt those who attack you in melee.


Message History

You kill the quokka!
Trog accepts your kill.
No target in view!
No target in view!
A bat comes into view.
A bat is nearby!
A bat is nearby!
A bat is nearby!
A bat is nearby!
The bat hits you but does no damage.
You barely miss the bat. The bat hits you but does no damage.
The bat hits you but does no damage. The bat barely misses you.
You furiously retaliate!
You headbutt the bat.
You kill the bat!
Trog accepts your kill.
No target in view!
No target in view!
Found a pair of glowing boots.
Found a ring mail.
Found a stone staircase leading up.
Crazy Yiuf shouts!
Could not explore, unopened runed door.
Could not explore, unopened runed door.
Could not explore, unopened runed door.
Crazy Yiuf says, "Crazy?
Crazy!?
PORCUPINE!"
You open the door. You hit Crazy Yiuf but do no damage.
You headbutt Crazy Yiuf, but do no damage.
Crazy Yiuf hits you with a +3 quarterstaff of chaos.
You are electrocuted!
You closely miss Crazy Yiuf.
Crazy Yiuf hits you with a +3 quarterstaff of chaos!
* * * LOW HITPOINT WARNING * * *
You feel your power leaking away.
You are too injured to fight recklessly!
Crazy Yiuf says, "Whiteboard King canine!"
Crazy Yiuf hits you with a +3 quarterstaff of chaos!
* * * LOW HITPOINT WARNING * * *
Crazy Yiuf hits you with a +3 quarterstaff of chaos.
You die...

......................# #..#
...##.................# #..#
.............<.......รท#
#..# .)###.................#
#..# ..#
#.................#######..#
###
###########................#
##...............#
#.############### ###
#####@# #)..### ##..#g.#
#...'.####......#
#...##..#..P...## ###
###.#.P.### #######


You could see Crazy Yiuf.

Vanquished Creatures
  4 adders (D:2)
  2 dart slugs
  2 bats
  7 endoplasms
  A giant cockroach (D:1)
  A goblin (D:2)
  7 hobgoblins
  4 quokkas
  4 ball pythons
  4 frilled lizards
  2 rats
38 creatures vanquished.

Vanquished Creatures (others)
  A bat (D:1)
1 creature vanquished.

Grand Total: 39 creatures vanquished

Notes
Turn   | Place    | Note
-------+----------+-------------------------------------------
     0 | D:1      | Kassire the Minotaur Berserker began the quest for the Orb.
     0 | D:1      | Reached XP level 1. HP: 19/19 MP: 0/0
   139 | D:1      | Found a faded altar of an unknown god.
   275 | D:1      | Reached XP level 2. HP: 23/27 MP: 1/1
  1144 | D:2      | Reached XP level 3. HP: 31/33 MP: 2/2
  1269 | D:2      | Reached ** piety under Trog
  1568 | D:2      | Found a runed translucent door.
  1569 | D:2      | Noticed Crazy Yiuf
  1612 | D:2      | Reached XP level 4. HP: 36/41 MP: 3/3
  1885 | D:2      | HP: 1/41 [Crazy Yiuf (9)]
  1890 | D:2      | Slain by Crazy Yiuf

Illustrated notes

Levels and vault maps discovered:
D:1:      matt_arrival_diagonals, layout_basic,
          hellmonk_ecumenical_altar_crossroads, lemuel_old_faithful
D:2:      cheibrodos_helix_gallery, layout_basic, uniq_crazy_yiuf_cottage

Skill      XL: |  1  2  3  4 |
---------------+-------------+-----
Maces & Flails | 4 |  4.9
Fighting       | 4 |  4.3
Dodging        | 3 |  3.0
Armour         | |  2.7

Action                   |  1- 3 |  4- 6 || total
-------------------------+-------+-------++-------
Melee: Mace              |    63 |    11 ||    74
       Headbutt          |     8 |     3 ||    11
Armor: Animal skin       |    18 |       ||    18
       Ring mail         |     7 |     7 ||    14
Dodge: Dodged            |    46 |     9 ||    55
